 Dungeon Crawl Stone Soup version 0.26-a0-660-gc07710193c (webtiles) character file.

Game seed: 6753735515439800623

191 Gargoyl the Skirmisher (level 5, -3/47 HPs)
             Began as a Gnoll Abyssal Knight on Oct 8, 2020.
             Was a Believer of Lugonu.
             Slain by a killer bee (7 damage)
             ... on level 3 of the Dungeon.
             The game lasted 00:04:25 (2821 turns).

Gargoyl the Skirmisher (Gnoll Abyssal Knight)       Turns: 2821, Time: 00:04:27

Health: -3/47      AC: 17    Str: 16    XL:     5   Next: 70%
Magic:  8/8        EV:  3    Int: 14    God:    Lugonu [**....]
Gold:   195        SH:  8    Dex: 14    Spells: 7/7 levels left

rFire    + . .     SeeInvis .   a - +1 hand axe
rCold    + . .     Faith    .   o - +0 kite shield
rNeg     . . .     Spirit   .   x - +0 plate armour
rPois    +         Reflect  .   p - +1 helmet
rElec    +         Harm     .   l - +0 cloak
rCorr    +         Rampage  .   (no gloves)
MR       .....                  k - +1 pair of boots
Stlth    ..........             (no amulet)
HPRegen  0.15/turn              (no ring)
MPRegen  0.11/turn              (no ring)

@: lethally poisoned (-3 -> -7), resistant
A: distributed training, fangs 1, strong nose
a: Depart the Abyss, Bend Space, Renounce Religion


You were on level 3 of the Dungeon.
You worshipped Lugonu.
Lugonu was pleased with you.
You visited 1 branch of the dungeon, and saw 4 of its levels.
You visited the Abyss 1 time.

You collected 195 gold pieces.

Inventory:

Hand Weapons
 a - a +1 hand axe (weapon)
Missiles
 w - 6 poisoned darts (quivered)
Armour
 k - a +1 pair of boots (worn)
 l - a +0 cloak (worn)
 o - a +0 kite shield (worn)
 p - a +1 helmet (worn)
 x - a +0 plate armour (worn)
Jewellery
 v - an uncursed ring of stealth {unknown}
Wands
 b - a wand of random effects (24)
 m - a wand of flame (10)
 n - a wand of polymorph (6)
Scrolls
 c - 7 scrolls of identify {unknown}
 f - a scroll of noise {unknown}
 h - a scroll of random uselessness {unknown}
 i - 2 scrolls of teleportation {unknown}
 r - 3 scrolls of fog {unknown}
 s - a scroll of amnesia {unknown}
 t - a scroll of fear {unknown}
 u - 2 scrolls of remove curse {unknown}
Potions
 d - a potion of heal wounds
 e - a potion of berserk rage {unknown}
 g - a potion of curing
 q - a potion of degeneration {unknown}


   Skills:
 + Level 6.7 Fighting
 + Level 1.6 Short Blades
 + Level 1.6 Long Blades
 + Level 4.8 Axes
 + Level 1.6 Maces & Flails
 + Level 1.6 Polearms
 + Level 1.6 Staves
 + Level 1.6 Slings
 + Level 1.6 Bows
 + Level 1.6 Crossbows
 + Level 1.6 Throwing
 + Level 4.8 Armour
 + Level 3.0 Dodging
 + Level 1.6 Stealth
 + Level 1.6 Shields
 + Level 1.6 Unarmed Combat
 + Level 1.6 Spellcasting
 + Level 1.2 Conjurations
 + Level 1.2 Hexes
 + Level 1.2 Summonings
 + Level 1.2 Necromancy
 + Level 1.2 Translocations
 + Level 1.2 Transmutations
 + Level 1.2 Fire Magic
 + Level 1.2 Ice Magic
 + Level 1.2 Air Magic
 + Level 1.2 Earth Magic
 + Level 1.2 Poison Magic
 + Level 4.9 Invocations
 + Level 1.6 Evocations


You had 7 spell levels left.
You didn't know any spells.
Your spell library was empty.

Dungeon Overview and Level Annotations

Branches:
Dungeon (4/15)
 Temple: D:4-7

Altars:
Hepliaklqana


Innate Abilities, Weirdness & Mutations

Your experience applies equally to all skills.
You have very sharp teeth.
Your uncanny sense of smell can sniff out nearby items.


Message History

You hit the killer bee.
You kill the killer bee!
Lugonu accepts your kill.
Your Dodging skill increases to level 3!
You feel sick.
The killer bee stings you but does no damage.
The killer bee completely misses you.
The killer bee stings you but does no damage.
You barely miss the killer bee. Your bite misses the killer bee.
The killer bee is severely wounded.
You feel sick. The killer bee barely misses you.
The killer bee stings you but does no damage.
Unknown command.
You hit the killer bee.
The killer bee is almost dead.
The killer bee stings you but does no damage.
The killer bee stings you!
* * * LOW HITPOINT WARNING * * *
The killer bee stings you!
You die...

### #.......# #.
#.# #.......###.
#.# ####......#.
#.#########.####.#.
#.........#.# #.#.
#########.#.# #.#.
#....# #.#.# #.#.
#y##.###.#.# #.##
#@##.....#.# #...
#.########.# ####
#.########.##
#.........[.#
#############


You could see a killer bee.

Vanquished Creatures
  A killer bee (D:3)
  Ijyb (D:3)
  Terence (D:2)
  Robin (D:2)
  2 adders (D:2)
  A dart slug (D:2)
  3 leopard geckos
  5 bats
  A giant cockroach (D:1)
  13 goblins
  13 hobgoblins
  3 quokkas
  A ball python (D:2)
  3 kobolds
  6 rats
55 creatures vanquished.

Vanquished Creatures (others)
  3 plants (D:1)
3 creatures vanquished.

Grand Total: 58 creatures vanquished

Notes
Turn   | Place    | Note
-------+----------+-------------------------------------------
     0 | Abyss:1  | Gargoyl the Gnoll Abyssal Knight began the quest for the
                  | Orb.
     0 | Abyss:1  | Reached XP level 1. HP: 23/23 MP: 3/3
     3 | Abyss:1  | Found a corrupted altar of Lugonu.
    13 | Abyss:1  | Noticed a golden dragon skeleton
    56 | Abyss:3  | Noticed a large abomination
    65 | Abyss:3  | Noticed an ancient zyme
    65 | Abyss:3  | Noticed a wretched star
    65 | Abyss:3  | Noticed a starcursed mass
    65 | D:1      | Escaped the Abyss
   395 | D:1      | Reached * piety under Lugonu
   564 | D:1      | Reached XP level 2. HP: 29/29 MP: 5/5
   792 | D:2      | Noticed Terence
   828 | D:2      | Killed Terence
   828 | D:2      | Reached XP level 3. HP: 29/35 MP: 6/6
   941 | D:2      | Found a hazy altar of Hepliaklqana.
  1034 | D:2      | Reached skill level 1 in Short Blades
  1034 | D:2      | Reached skill level 1 in Long Blades
  1034 | D:2      | Reached skill level 1 in Maces & Flails
  1034 | D:2      | Reached skill level 1 in Polearms
  1034 | D:2      | Reached skill level 1 in Staves
  1034 | D:2      | Reached skill level 1 in Slings
  1034 | D:2      | Reached skill level 1 in Bows
  1034 | D:2      | Reached skill level 1 in Crossbows
  1034 | D:2      | Reached skill level 1 in Throwing
  1034 | D:2      | Reached skill level 1 in Stealth
  1034 | D:2      | Reached skill level 1 in Shields
  1034 | D:2      | Reached skill level 1 in Unarmed Combat
  1034 | D:2      | Reached skill level 1 in Spellcasting
  1034 | D:2      | Reached skill level 1 in Evocations
  1108 | D:2      | Noticed Robin
  1113 | D:2      | Reached XP level 4. HP: 40/41 MP: 7/7
  1126 | D:2      | Killed Robin
  1304 | D:2      | Reached skill level 1 in Conjurations
  1304 | D:2      | Reached skill level 1 in Hexes
  1304 | D:2      | Reached skill level 1 in Summonings
  1304 | D:2      | Reached skill level 1 in Necromancy
  1304 | D:2      | Reached skill level 1 in Translocations
  1304 | D:2      | Reached skill level 1 in Transmutations
  1304 | D:2      | Reached skill level 1 in Fire Magic
  1304 | D:2      | Reached skill level 1 in Ice Magic
  1304 | D:2      | Reached skill level 1 in Air Magic
  1304 | D:2      | Reached skill level 1 in Earth Magic
  1304 | D:2      | Reached skill level 1 in Poison Magic
  1770 | D:3      | Reached ** piety under Lugonu
  2152 | D:3      | Noticed Ijyb
  2159 | D:3      | Reached XP level 5. HP: 47/47 MP: 8/8
  2167 | D:3      | Killed Ijyb
  2821 | D:3      | Slain by a killer bee

Illustrated notes

Levels and vault maps discovered:
D:1:      minmay_arrival_split_and_join, layout_rooms, kennysheep_another_room,
          nrook_uturn, serial_bayou_ford_a, moated_statue
D:2:      wad_crossroads, layout_basic, nicolae_overflow_crystal_walls,
          minmay_misc_feat_hallway, st_stairs_9, uniq_robin, uniq_terence
D:3:      layout_basic, uniq_ijyb
D:4:      layout_rooms, kennysheep_mini, nemelex_xobeh_ov_fountains_minmay,
          chequers_temple_overflow_minitemple

Skill      XL: |  1  2  3  4  5 |
---------------+----------------+-----
Short Blades   | 1 |  1.6
Long Blades    | 1 |  1.6
Maces & Flails | 1 |  1.6
Polearms       | 1 |  1.6
Staves         | 1 |  1.6
Slings         | 1 |  1.6
Bows           | 1 |  1.6
Crossbows      | 1 |  1.6
Throwing       | 1 |  1.6
Stealth        | 1 |  1.6
Shields        | 1 |  1.6
Unarmed Combat | 1 |  1.6
Spellcasting   | 1 |  1.6
Evocations     | 1 |  1.6
Conjurations   | 1 |  1.2
Hexes          | 1 |  1.2
Summonings     | 1 |  1.2
Necromancy     | 1 |  1.2
Translocations | 1 |  1.2
Transmutations | 1 |  1.2
Fire Magic     | 1 |  1.2
Ice Magic      | 1 |  1.2
Air Magic      | 1 |  1.2
Earth Magic    | 1 |  1.2
Poison Magic   | 1 |  1.2
Dodging        | 3 |  3.0
Fighting       | |  6.7
Axes           | |  4.8
Armour         | |  4.8
Invocations    | |  4.9

Action                   |  1- 3 |  4- 6 || total
-------------------------+-------+-------++-------
Melee: Hand axe          |    62 |   104 ||   166
       Bite              |     5 |    14 ||    19
Invok: Depart the Abyss  |     1 |       ||     1
Evoke: Wand              |     4 |       ||     4
  Use: Potion            |       |     3 ||     3
Armor: Leather armour    |     9 |       ||     9
       Scale mail        |    11 |    16 ||    27
       Plate armour      |       |    95 ||    95
Dodge: Dodged            |    39 |    38 ||    77
Block: Kite shield       |     6 |    53 ||    59

Table legend: (Time is in decaauts)
 A = Elapsed time spent in this place.
 B = Non-inter-level travel time spent in this place.
 C = Inter-level travel time spent in this place.
 D = Time resting spent in this place.
 E = Time spent auto-exploring this place.
 F = Levels seen in this place.
 G = Mean time per level.
                   A        B        C        D        E       F      G
               +--------+--------+--------+--------+--------+-----+--------+
         Total |   2853 |   2783 |     70 |    448 |   1748 |   7 |  407.6 |
       Dungeon |   2789 |   2719 |     70 |    448 |   1728 |   4 |  697.2 |
         Abyss |     64 |     64 |      0 |      0 |     20 |   3 |   21.3 |
               +--------+--------+--------+--------+--------+-----+--------+

Top non-repeatable levels by time:
     D:3: 1100 daAuts
     D:2: 1060 daAuts
     D:1: 624 daAuts
 Abyss:2: 26 daAuts
 Abyss:3: 20 daAuts
 Abyss:1: 17 daAuts
     D:4: 4 daAuts
